Map: [ESL] Hardwire

Players

Ryung - Winner!

  • Race: Terran Terran

Nice

  • Race: Protoss Protoss

Event: IEM Katowice 2022

VOD

Have the link to the VOD?

Description

Time

  • Played on: Feb. 23, 2022, 3:12 p.m.
  • Length: 9:12

All games in this series

Show
View Real Time Build Order
Export as new Build Order

Ryung Terran - Winner!

Build Orders:  

Get SALT Encoding   

  12  0:00  SCV  
  13  0:12  SCV  
  14  0:17  Supply Depot  
  14  0:24  SCV  
  15  0:38  SCV  
  15  0:39  Barracks  
  16  0:43  Refinery  
  16  0:50  SCV  
  17  1:02  SCV  
  18  1:14  SCV  
  19  1:26  Marine, Orbital Command  
  20  1:44  Command Center  
  20  1:47  Barracks Reactor  
  20  1:53  SCV  
  21  1:59  Supply Depot  
  21  2:05  SCV  
  22  2:10  Factory  
  22  2:17  SCV  
  23  2:23  Marine x2  
  23  2:29  SCV  
  26  2:32  Barracks  
  26  2:41  Marine x2  
  26  2:43  SCV  
  29  2:54  Hellion  
  29  2:55  SCV, Orbital Command  
  32  2:59  Marine  
  32  3:00  Marine  
  34  3:07  SCV  
  34  3:11  Barracks  
  35  3:15  Widow Mine  
  35  3:19  SCV  
  38  3:21  Barracks Tech Lab  
  38  3:22  SCV  
  38  3:27  Refinery  
  39  3:32  Supply Depot  
  39  3:33  SCV  
  40  3:34  SCV  
  41  3:41  Stimpack  
  41  3:45  SCV  
  41  3:46  SCV  
  43  3:48  Marine  
  43  3:49  Marine  
  43  3:52  Marine, Engineering Bay  
  46  3:57  SCV  
  46  3:58  Factory Tech Lab  
  46  4:02  SCV  
  46  4:05  Bunker  
  46  4:06  Marine x2  
  46  4:07  Marine  
  49  4:13  Marine  
  49  4:15  Supply Depot  
  50  4:18  Siege Tank  
  50  4:23  SCV  
  54  4:29  Terran Infantry Weapons Level 1  
  54  4:30  Supply Depot  
  54  4:36  Marine x4  
  54  4:37  SCV  
  59  4:40  SCV  
  59  4:45  Supply Depot  
  60  4:49  SCV  
  60  4:52  SCV, Siege Tank  
  64  4:57  Marine x2  
  64  4:58  Marine x2  
  68  5:01  SCV  
  68  5:07  Starport  
  68  5:08  SCV  
  68  5:13  SCV, Refinery  
  70  5:20  Barracks Tech Lab, Marine x2  
  72  5:21  Marine  
  72  5:24  SCV  
  72  5:25  SCV  
  73  5:36  SCV  
  73  5:37  SCV  
  73  5:38  Missile Turret, Factory Reactor  
  73  5:41  Refinery  
  77  5:43  Combat Shield  
  77  5:49  Supply Depot, Medivac  
  77  5:50  Supply Depot  
  77  5:59  SCV  
  77  6:00  Command Center  
  77  6:02  Supply Depot  
  78  6:11  SCV  
  79  6:12  SCV  
  80  6:20  Factory Reactor  
  80  6:22  Barracks  
  80  6:23  SCV  
  80  6:24  SCV  
  82  6:27  Barracks, Marine x2  
  82  6:28  Marauder x2  
  82  6:32  Medivac x2  
  92  6:35  SCV  
  92  6:39  SCV  
  94  6:40  Supply Depot, Terran Infantry Armor Level 1  
  94  6:41  Supply Depot  
  94  6:45  Marine x2  
  96  6:48  Concussive Shells  
  96  6:49  Marauder  
  97  7:02  Widow Mine x2, Marine x2  
  103  7:12  Barracks Tech Lab, Marauder  
  104  7:18  SCV x2  
  104  7:20  Orbital Command  
  104  7:21  Marauder  
  104  7:22  Barracks Reactor  
  107  7:24  Widow Mine x2, Medivac  
  107  7:25  Marine x2  
  114  7:30  SCV  
  114  7:34  Marauder, Medivac  
  114  7:39  Marauder  
  114  7:42  SCV, Marauder  
  119  7:46  Widow Mine x2  
  123  7:55  Marauder  
  123  7:58  Marine x2  
  115  8:01  Marauder  
  115  8:03  Marine x2, Marauder  
  121  8:07  Widow Mine x2  
  121  8:11  Orbital Command  
  121  8:16  Marine x2, Marauder  
  121  8:17  SCV x2  
  127  8:20  Medivac  
  127  8:22  Marauder  
  131  8:28  Supply Depot x2, Widow Mine  
  133  8:44  Marine x2  
  133  8:46  Marine, Marauder  
  133  8:47  Widow Mine  
  132  8:48  Ghost Academy  
  132  8:49  Marauder x2  
Show
View Real Time Build Order
Export as new Build Order

Nice Protoss 

Build Orders: 1 Gate Expand 

Get SALT Encoding   

  12  0:00  Probe  
  13  0:12  Probe  
  14  0:17  Pylon  
  14  0:24  Probe  
  15  0:36  Probe (Chrono Boost)  
  15  0:38  Gateway  
  16  0:47  Assimilator  
  16  0:48  Probe (Chrono Boost)  
  17  0:53  Probe (Chrono Boost)  
  18  1:03  Probe  
  19  1:15  Probe  
  20  1:25  Cybernetics Core  
  20  1:35  Nexus  
  20  1:43  Pylon  
  20  1:48  Probe, Assimilator  
  21  1:59  Adept (Chrono Boost)  
  21  2:00  Probe  
  22  2:02  Warp Gate  
  24  2:12  Probe  
  25  2:20  Adept (Chrono Boost)  
  27  2:24  Probe  
  28  2:30  Robotics Facility  
  28  2:36  Probe  
  29  2:42  Adept  
  31  2:48  Probe (Chrono Boost)  
  33  2:53  Probe (Chrono Boost)  
  34  2:59  Probe (Chrono Boost)  
  34  3:03  Probe (Chrono Boost)  
  34  3:04  Probe (Chrono Boost)  
  36  3:13  Probe  
  36  3:15  Probe  
  36  3:17  Immortal (Chrono Boost)  
  42  3:34  Gateway  
  42  3:35  Gateway  
  42  3:41  Gateway  
  42  3:42  Gateway  
  42  3:48  Warp Prism (Chrono Boost)  
  42  3:52  Probe x2  
  46  4:01  Pylon  
  46  4:13  Pylon  
  46  4:14  Twilight Council  
  46  4:18  Observer  
  46  4:19  Nexus, Probe (Chrono Boost)  
  46  4:23  Probe (Chrono Boost)  
  49  4:30  Probe (Chrono Boost)  
  51  4:31  Assimilator  
  51  4:33  Probe (Chrono Boost)  
  51  4:34  Forge  
  51  4:35  Probe (Chrono Boost)  
  52  4:43  Probe  
  52  4:45  Probe  
  54  4:53  Adept x2  
  54  4:55  Templar Archives, Probe  
  54  4:57  Probe  
  60  5:07  Probe  
  60  5:08  Protoss Ground Weapons Level 1 (Chrono Boost)  
  60  5:09  Probe  
  60  5:13  Pylon  
  62  5:17  Psionic Storm  
  62  5:22  Pylon  
  62  5:25  Pylon  
  62  5:29  Probe x2  
  62  5:31  Probe, Observer  
  55  5:37  Gateway  
  55  5:39  Gateway  
  55  5:42  Gateway, High Templar x2  
  60  5:45  Gateway  
  60  5:47  Gateway  
  59  5:51  Warp Prism (Chrono Boost), Charge (Chrono Boost)  
  61  6:04  Zealot  
  61  6:05  Probe  
  61  6:06  Probe x2  
  61  6:09  Shield Battery  
  66  6:14  High Templar  
  66  6:18  Probe x3  
  70  6:19  Zealot  
  73  6:30  Probe x2  
  73  6:31  Pylon, Probe  
  76  6:35  Zealot x3, Shield Battery  
  76  6:36  High Templar  
  84  6:41  Zealot x2  
  84  6:46  Immortal  
  92  6:50  Zealot x2  
  96  6:56  Pylon  
  96  6:57  Stalker  
  96  6:59  Stalker  
  100  7:05  Pylon  
  96  7:10  Stalker x2  
  94  7:18  Zealot x2  
  98  7:25  Zealot  
  97  7:36  Pylon, Zealot x2  
  99  7:40  Zealot  
  99  7:41  Zealot  
  103  7:45  Zealot x3  
  109  7:58  Zealot x2  
  109  8:03  Pylon  
  109  8:05  Zealot x5  
  109  8:06  Zealot  
  121  8:18  Immortal (Chrono Boost)  
  117  8:22  Gateway  
  117  8:23  Zealot x2  
  117  8:26  Cybernetics Core  
  125  8:29  Gateway  
  125  8:33  Observer  
  123  8:48  Zealot x4  
  125  8:51  Pylon  
  125  8:52  Pylon  
  125  8:53  Pylon  
  93  9:03  Zealot x3  

Tags
 
Add a new tag
Caveats
  • Supply blocks, unpowered buildings, or Contaminate may cause inaccurate times.
  • Supply counts are checked every 10 seconds.